 Dungeon Crawl Stone Soup version 0.17.1-2-g5865329 (webtiles) character file.

186 Grim the Grave Robber (level 5, 0/35 HPs)
             Began as a Mummy Necromancer on Jan 12, 2016.
             Killed by divine providence
             ... invoked by an orc priest
              (16 damage)
             ... on level 3 of the Dungeon.
             The game lasted 00:10:07 (3611 turns).

Grim the Grave Robber (Mummy Necromancer)           Turns: 3611, Time: 00:10:07

Health: 0/35       AC:  2    Str: 11    XL:     5   Next: 38%
Magic:  1/8        EV: 12    Int: 16    God:
Gold:   91         SH:  0    Dex: 12    Spells: 2 memorised, 6 levels left

rFire  x . .     SeeInvis .     (no weapon)
rCold  + . .     Clarity  .     a - +0 robe
rNeg   + + +     SustAt   .     (no shield)
rPois  ∞         Gourm    .     (no helmet)
rElec  .         Spirit   .     (no cloak)
rCorr  .         Warding  .     (no gloves)
rMut   .         Stasis   .     (no boots)
MR     .....                    (no amulet)
Stlth  ++........               (no ring)
                                (no ring)

@: not resistant to hostile enchantments, unstealthy
A: no food or potions, fire vulnerability, cold resistance 1, negative energy
resistance 3, torment resistance, unbreathing
a: no special abilities


You were on level 3 of the Dungeon.
You were not hungry.

You visited 1 branch of the dungeon, and saw 3 of its levels.

You collected 91 gold pieces.

Inventory:

Armour
 a - a +0 robe (worn)
Scrolls
 c - 2 scrolls of noise {unknown}
 d - 2 scrolls of enchant weapon {unknown}
 e - 2 scrolls of identify {unknown}
 f - a scroll of remove curse {unknown}
 g - a scroll of fear {unknown}
 h - 3 scrolls of enchant armour {unknown}
 i - a scroll of amnesia {unknown}
 j - a scroll of magic mapping {unknown}
 k - a scroll of recharging {unknown}
Books
 b - a book of Necromancy

   Spells                             Type                      Level
   a - Pain                           Necromancy                   1
   b - Animate Skeleton               Necromancy                   1
   c - Vampiric Draining              Necromancy                   3
   d - Regeneration                   Charms/Necromancy            3
   e - Animate Dead                   Necromancy                   4
   f - Control Undead                 Necromancy                   4


   Skills:
 - Level 1.5 Dodging
 - Level 1.5 Stealth
 - Level 2.0 Spellcasting
 + Level 6.7 Necromancy


You had 6 spell levels left.
You knew the following spells:

 Your Spells              Type           Power        Failure   Level  Hunger
a - Pain                  Necr           ###.         1%          1    N/A
b - Animate Skeleton      Necr           N/A          1%          1    N/A

Dungeon Overview and Level Annotations

Branches:
Dungeon (3/15)

Altars:
Elyvilon
Yredelemnul
The Shining One


Innate Abilities, Weirdness & Mutations

You do not eat or drink.
Your flesh is vulnerable to fire.
You are immune to poison.
Your flesh is cold resistant.
You are immune to negative energy.
You are immune to unholy pain and torment.
You can survive without breathing.


Message History

The orc priest misses you.
You barely miss the orc priest.
The orc priest is almost dead.
The orc priest closely misses you.
You completely miss the orc priest.
The orc priest is almost dead.
The orc priest hits you with a dagger.
* * * LOW HITPOINT WARNING * * *
You completely miss the orc priest.
The orc priest is almost dead.
The orc priest hits you with a dagger.
* * * LOW HITPOINT WARNING * * *
You hit the orc priest but do no damage.
The orc priest is almost dead.
The orc priest closely misses you.
You closely miss the orc priest.
The orc priest is almost dead.
The orc priest mumbles some strange prayers to Beogh against you.
Something smites you!
You die...

.)........ #.#
........). #.#
####...## ..o
#..... #.# #...##
#.# #...# # #.#
###...##
.####.###.###
#.......
.....†.@o...#
#.##.##.
..#.#.#####.#
#.#>.... .. ...#.##
#.##.... ...
.#.#.#..## #.##....
##.
.).......###.......
#
#..#.#.#%...†.†.##.
............).#...(
#.###..#.#.#..#.###
. #.........#.###


You could see an orc priest.

Vanquished Creatures
  An orc priest (D:3)
  2 gnolls (D:3)
  5 adders
  A worm (D:3)
  5 giant geckos
  4 orcs (D:3)
  2 ball pythons
  A giant cockroach (D:2)
  2 hobgoblins
  19 jackals
  9 kobolds
  8 bats
  5 giant newts
  10 goblins
  6 rats
80 creatures vanquished.

Vanquished Creatures (others)
  A hobgoblin (D:3)
  A bat (D:3)
2 creatures vanquished.

Grand Total: 82 creatures vanquished

Notes
Turn   | Place    | Note
--------------------------------------------------------------
     0 | D:1      | Grim the Mummy Necromancer began the quest for the Orb.
     0 | D:1      | Reached XP level 1. HP: 13/13 MP: 3/3
   325 | D:1      | Reached XP level 2. HP: 19/19 MP: 3/5
   551 | D:1      | Learned a level 1 spell: Animate Skeleton
   673 | D:1      | Found a glowing golden altar of the Shining One.
   827 | D:1      | Reached skill level 5 in Necromancy
   827 | D:1      | Reached XP level 3. HP: 15/24 MP: 0/6
  1890 | D:2      | Reached XP level 4. HP: 30/30 MP: 1/7
  2126 | D:2      | Found a faded altar to an unknown god.
  2158 | D:2      | Found a white marble altar of Elyvilon.
  2216 | D:2      | Found a basalt altar of Yredelemnul.
  3004 | D:3      | Reached skill level 6 in Necromancy
  3237 | D:3      | Reached XP level 5. HP: 35/35 MP: 4/8
  3611 | D:3      | Killed from afar by an orc priest

Action                   |  1- 3 |  4- 6 || total
-------------------------+-------+-------++-------
Melee: Unarmed           |    34 |    20 ||    54
 Cast: Pain              |    70 |    95 ||   165
       Animate Skeleton  |     3 |       ||     3
